Map: King's Cove LE

Players

Maher - Winner!

  • Race: Protoss Protoss
  • League: Diamond
  • Spawn Location: 5:00

Kolo

  • Race: Terran Terran
  • League: Diamond
  • Spawn Location: 11:00

VOD

Have the link to the VOD?

Description

Time

  • Played on: Feb. 11, 2019, 2:52 a.m.
  • Length: 4:15
Show
View Real Time Build Order
Export as new Build Order

Maher Protoss - Winner!

Build Orders:  

Get SALT Encoding   

  12  0:01  Probe  
  13  0:13  Probe  
  14  0:18  Pylon  
  14  0:25  Probe  
  15  0:37  Gateway  
  15  0:40  Probe  
  16  0:46  Assimilator  
  16  0:49  Probe  
  17  0:57  Probe  
  17  0:59  Assimilator  
  18  1:06  Probe  
  19  1:14  Assimilator  
  19  1:19  Gateway  
  19  1:29  Cybernetics Core  
  19  1:32  Probe  
  20  1:45  Pylon  
  20  1:46  Probe  
  21  1:58  Stalker  
  21  1:59  Stalker, Probe  
  26  2:11  Probe  
  26  2:12  Warp Gate  
  27  2:27  Stalker  
  29  2:33  Stalker  
  29  3:12  Probe, Nexus  
  29  3:20  Probe  
  30  3:36  Robotics Facility  
  31  3:55  Probe  
  30  4:12  Pylon  
Show
View Real Time Build Order
Export as new Build Order

Kolo Terran 

Build Orders: Gas First Reaper Expand 

Get SALT Encoding   

  12  0:00  SCV  
  13  0:12  SCV  
  14  0:18  Supply Depot  
  14  0:25  SCV  
  15  0:29  Refinery  
  15  0:40  SCV  
  16  0:48  Barracks  
  16  0:54  SCV  
  17  1:06  SCV  
  18  1:19  SCV  
  19  1:34  Orbital Command  
  19  1:37  Reaper  
  20  1:51  Command Center  
  20  2:01  SCV  
  20  2:06  Factory  
  21  2:10  Barracks Reactor  
  21  2:17  Supply Depot  
  21  2:18  SCV  
  22  2:30  SCV  
  23  2:42  SCV  
  24  2:47  Marine x2  
  26  2:53  Factory Tech Lab  
  26  2:54  SCV  
  26  3:00  Starport  
  26  3:06  SCV  
  26  3:10  Orbital Command  
  27  3:20  Marine x2  
  27  3:24  SCV  
  30  3:36  SCV  
  30  3:44  SCV  
  30  3:47  Marine  
  30  3:48  SCV  
  28  3:56  SCV  
  28  4:00  SCV  
Tags
 
Add a new tag
Caveats
  • Supply blocks, unpowered buildings, or Contaminate may cause inaccurate times.
  • Supply counts are checked every 10 seconds.